APL (24 & UNDER)
BEAVERTON BRONZE SOULS @ PENSACOLA PILOTS
08/24/2029
 
TOP OF THE 1ST
Beaverton Bronze Souls batting - Pitching for Pensacola Pilots : LHP Paul Mallette
Pitching: LHP Paul Mallette
Batting: RHB Pedro Rivera 0-0: Swinging Strike
0-1: Ball
1-1: Foul Ball, location: 2F
1-2: SINGLE (Line Drive, 56D)
Batting: RHB Nathan Smith 0-0: Ball
1-0: Bunted foul
1-1: Ball
2-1: Bunted foul
2-2: Ball
3-2: Grounds into double play, 4-6-3 (Groundball, 4)
Batting: RHB Cameron Irwin 0-0: Called Strike
0-1: Ball
1-1: Ball
2-1: Foul Ball, location: 2F
2-2: Fly out, F6 (Popup, 6)
Top of the 1st over - 0 runs, 1 hit, 0 errors, 0 left on base; Beaverton 0 - Pensacola 0
BOTTOM OF THE 1ST
Pensacola Pilots batting - Pitching for Beaverton Bronze Souls : RHP Wilson Díaz
Pitching: RHP Wilson Díaz
Batting: SHB Carlos González 0-0: Called Strike
0-1: Ball
1-1: Ball
2-1: Foul Ball, location: 2F
2-2: Foul Ball, location: 2F
2-2: Ball
3-2: Base on Balls
Batting: LHB Freddy Torres 0-0: Ball
Wild Pitch!
Carlos González to second
1-0: Called Strike
1-1: Swinging Strike
1-2: Ball
2-2: Strikes out swinging
Batting: LHB Ricardo García 0-0: Foul Ball, location: 2F
0-1: Ball
1-1: Foul Ball, location: 2F
1-2: Foul Ball, location: 2F
1-2: Foul Ball, location: 2F
1-2: Strikes out swinging
Batting: SHB Ron Winston 0-0: Ball
1-0: Foul Ball, location: 2F
1-1: Foul Ball, location: 2F
1-2: Foul Ball, location: 2F
1-2: DOUBLE (Line Drive, 8LXD)
Carlos González scores
Batting: LHB Joe Storms 0-0: Ball
1-0: Foul Ball, location: 2F
1-1: Ground out 4-3 (Groundball, 34)
Bottom of the 1st over - 1 run, 1 hit, 0 errors, 1 left on base; Beaverton 0 - Pensacola 1
TOP OF THE 2ND
Beaverton Bronze Souls batting - Pitching for Pensacola Pilots : LHP Paul Mallette
Batting: RHB Armando García 0-0: SINGLE (Flyball, 9LS)
Batting: LHB Luis Aragón 0-0: Called Strike
Armando García steals 2nd base
0-1: Swinging Strike
0-2: Foul Ball, location: 2F
0-2: Foul Ball, location: 2F
0-2: Strikes out swinging
Batting: RHB Dan Cross 0-0: Fly out, F4 (Flyball, 4MD)
Batting: RHB Ed Nygaard 0-0: Ball
1-0: Called Strike
1-1: Ball
2-1: DOUBLE (Line Drive, 89D)
Armando García scores
Batting: RHB Robbie Barnes 0-0: Ball
1-0: Called Strike
1-1: Fly out, F5 (Popup, 5SF)
Top of the 2nd over - 1 run, 2 hits, 0 errors, 1 left on base; Beaverton 1 - Pensacola 1
BOTTOM OF THE 2ND
Pensacola Pilots batting - Pitching for Beaverton Bronze Souls : RHP Wilson Díaz
Batting: RHB Alfonso Sánchez 0-0: Foul Ball, location: 2F
0-1: Ball
1-1: Ball
2-1: Foul Ball, location: 2F
2-2: Foul Ball, location: 2F
2-2: Ball
3-2: Fly out, F6 (Line Drive, 6)
Batting: RHB John Hall 0-0: Foul Ball, location: 2F
0-1: Ball
1-1: Ball
2-1: Foul Ball, location: 2F
2-2: Strikes out swinging
Batting: RHB Tony Pulla 0-0: Ball
1-0: Foul Ball, location: 2F
1-1: Ball
2-1: DOUBLE (Line Drive, 89S)
Batting: RHB Carson Allen 0-0: Ball
1-0: Ball
2-0: Ball
3-0: Base on Balls
Batting: SHB Carlos González 0-0: Ball
1-0: Ball
2-0: Called Strike
2-1: Reached on error, E3 (Groundball, 3)
Tony Pulla to third
Carson Allen to second
Batting: LHB Freddy Torres 0-0: Called Strike
0-1: Swinging Strike
0-2: Strikes out swinging
Bottom of the 2nd over - 0 runs, 1 hit, 1 error, 3 left on base; Beaverton 1 - Pensacola 1
TOP OF THE 3RD
Beaverton Bronze Souls batting - Pitching for Pensacola Pilots : LHP Paul Mallette
Batting: LHB Alonso Contreras 0-0: Ball
1-0: Called Strike
1-1: Foul Ball, location: 2F
1-2: Strikes out swinging
Batting: RHB Pedro Rivera 0-0: Foul Ball, location: 2F
0-1: Ball
1-1: Ball
2-1: Ball
3-1: Base on Balls
Batting: RHB Nathan Smith 0-0: Ball
Pedro Rivera steals 2nd base
1-0: Foul Ball, location: 2F
1-1: Ball
Pedro Rivera steals 3rd base
2-1: Fly out, F8 (Flyball, 8RD)
Runner from 3rd tags up, OUT at HOME
Top of the 3rd over - 0 runs, 0 hits, 0 errors, 0 left on base; Beaverton 1 - Pensacola 1
BOTTOM OF THE 3RD
Pensacola Pilots batting - Pitching for Beaverton Bronze Souls : RHP Wilson Díaz
Batting: LHB Ricardo García 0-0: Ball
1-0: Ball
2-0: Ball
3-0: Base on Balls
Batting: SHB Ron Winston 0-0: Called Strike
0-1: Ball
1-1: Swinging Strike
1-2: SINGLE (Groundball, 56D)
Ricardo García to second
Pitching: RHP Esteve Gabirra
Batting: LHB Joe Storms 0-0: Foul Ball, location: 2F
0-1: Foul Ball, location: 2F
0-2: Ball
1-2: SINGLE (Groundball, 4MD)
Ricardo García to third
Ron Winston to second
Runner from 3rd tries for Home, SAFE, no throw
Batting: RHB Alfonso Sánchez 0-0: Ball
1-0: Ball
2-0: Ball
3-0: Base on Balls
Ron Winston to third
Joe Storms to second
Batting: RHB John Hall 0-0: Ball
1-0: Ball
2-0: Swinging Strike
2-1: Ground out 5-3 (Groundball, 56S)
Ron Winston scores
Joe Storms to third
Alfonso Sánchez to second
Batting: RHB Tony Pulla 0-0: Called Strike
0-1: Fly out, F9 (Flyball, 9)
Runner from 3rd tags up, OUT at HOME
Bottom of the 3rd over - 2 runs, 2 hits, 0 errors, 1 left on base; Beaverton 1 - Pensacola 3
TOP OF THE 4TH
Beaverton Bronze Souls batting - Pitching for Pensacola Pilots : LHP Paul Mallette
Batting: RHB Cameron Irwin 0-0: Ball
1-0: Ball
2-0: SINGLE (Groundball, 6MD)
Batting: RHB Armando García 0-0: Ball
1-0: Fly out, F5 (Line Drive, 6)
Batting: LHB Luis Aragón 0-0: Ball
1-0: Called Strike
1-1: Ball
2-1: Ball
Cameron Irwin steals 2nd base
3-1: SINGLE (Groundball, 4D)
Cameron Irwin to third
Runner from 3rd tries for Home, SAFE, no throw
Batting: RHB Dan Cross 0-0: Foul Ball, location: 2F
0-1: Ground out 3-1 (Groundball, 34S)
Luis Aragón to second
Batting: RHB Ed Nygaard 0-0: Swinging Strike
0-1: Ball
1-1: Reached on error, E6 (Groundball, 6)
Luis Aragón to third
Batting: RHB Robbie Barnes 0-0: Fly out, F7 (Flyball, 7)
Top of the 4th over - 1 run, 2 hits, 1 error, 2 left on base; Beaverton 2 - Pensacola 3
BOTTOM OF THE 4TH
Pensacola Pilots batting - Pitching for Beaverton Bronze Souls : RHP Esteve Gabirra
Batting: RHB Carson Allen 0-0: Ball
1-0: Ball
2-0: Called Strike
2-1: Foul Ball, location: 2F
2-2: Ball
3-2: Foul Ball, location: 2F
3-2: Foul Ball, location: 2F
3-2: Base on Balls
Batting: SHB Carlos González 0-0: Called Strike
0-1: Foul Ball, location: 2F
0-2: Ball
1-2: Fly out, F8 (Flyball, 8LS)
Batting: LHB Freddy Torres 0-0: Ball
1-0: Ball
2-0: Foul Ball, location: 2F
2-1: Ball
3-1: Called Strike
3-2: Strikes out swinging
Batting: LHB Ricardo García 0-0: Foul Ball, location: 2F
0-1: Fly out, F8 (Flyball, 8LS)
Bottom of the 4th over - 0 runs, 0 hits, 0 errors, 1 left on base; Beaverton 2 - Pensacola 3
TOP OF THE 5TH
Beaverton Bronze Souls batting - Pitching for Pensacola Pilots : LHP Paul Mallette
Batting: LHB Alonso Contreras 0-0: Called Strike
0-1: Foul Ball, location: 2F
0-2: Strikes out looking
Batting: RHB Pedro Rivera 0-0: Called Strike
0-1: Foul Ball, location: 2F
0-2: Foul Ball, location: 2F
0-2: Ground out 1-3 (Groundball, 13)
Batting: RHB Nathan Smith 0-0: Ball
1-0: Foul Ball, location: 2F
1-1: Ball
2-1: Ball
3-1: SINGLE (Line Drive, 4D)
Batting: RHB Cameron Irwin 0-0: Ball
Nathan Smith steals 2nd base
1-0: Ball
2-0: Called Strike
2-1: Foul Ball, location: 2F
2-2: Strikes out swinging
Top of the 5th over - 0 runs, 1 hit, 0 errors, 1 left on base; Beaverton 2 - Pensacola 3
BOTTOM OF THE 5TH
Pensacola Pilots batting - Pitching for Beaverton Bronze Souls : RHP Esteve Gabirra
Batting: SHB Ron Winston 0-0: Ball
1-0: Ball
2-0: Ball
3-0: Base on Balls
Batting: LHB Joe Storms 0-0: Foul Ball, location: 2F
0-1: Ball
1-1: Foul Ball, location: 2F
1-2: Ball
2-2: SINGLE (Groundball, 2L) (infield hit)
Ron Winston to second
Batting: RHB Alfonso Sánchez 0-0: Foul Ball, location: 2F
0-1: Ball
1-1: Foul Ball, location: 2F
1-2: SINGLE (Line Drive, 4M)
Ron Winston to third
Joe Storms to second
Runner from 3rd tries for Home, SAFE, no throw
Batting: RHB John Hall 0-0: Ball
1-0: Ball
2-0: Called Strike
2-1: Swinging Strike
2-2: Foul Ball, location: 2F
2-2: Ball
3-2: Base on Balls
Joe Storms to third
Alfonso Sánchez to second
Batting: RHB Tony Pulla 0-0: Called Strike
0-1: Ball
1-1: Foul Ball, location: 2F
1-2: Ball
2-2: Reached on error, E5 (Groundball, 5L)
Joe Storms scores
Alfonso Sánchez to third
John Hall to second
Batting: RHB Carson Allen 0-0: Ball
1-0: Ball
2-0: Foul Ball, location: 2F
2-1: Foul Ball, location: 2F
2-2: Ball
3-2: Foul Ball, location: 2F
3-2: Foul Ball, location: 2F
3-2: Base on Balls
Alfonso Sánchez scores
John Hall to third
Tony Pulla to second
Pitching: LHP Lúcio López
Batting: SHB Carlos González 0-0: Ball
1-0: Swinging Strike
1-1: Ball
2-1: Foul Ball, location: 2F
2-2: Foul Ball, location: 2F
2-2: Ball
3-2: Base on Balls
John Hall scores
Tony Pulla to third
Carson Allen to second
Batting: LHB Freddy Torres 0-0: Called Strike
0-1: Foul Ball, location: 2F
0-2: Foul Ball, location: 2F
0-2: Ball
1-2: SINGLE (Groundball, 34D)
Tony Pulla scores
Carson Allen to third
Carlos González to second
Batting: LHB Ricardo García 0-0: SINGLE (Groundball, 34D)
Carson Allen scores
Carlos González to third
Freddy Torres to second
Runner from 3rd tries for Home, SAFE, throw made home
Batting: SHB Ron Winston 0-0: Ball
1-0: Called Strike
1-1: Called Strike
1-2: Fly out, F9 (Flyball, 9LSF)
Batting: LHB Joe Storms 0-0: Fielders Choice at 2nd, 3-6 (Groundball, 34)
Freddy Torres to third
Batting: RHB Alfonso Sánchez 0-0: Foul Ball, location: 2F
0-1: Ball
1-1: Ball
2-1: Swinging Strike
2-2: Ball
3-2: Foul Ball, location: 2F
Pickoff Throw to First - Out!
Bottom of the 5th over - 7 runs, 4 hits, 1 error, 1 left on base; Beaverton 2 - Pensacola 10
TOP OF THE 6TH
Beaverton Bronze Souls batting - Pitching for Pensacola Pilots : LHP Paul Mallette
Batting: RHB Armando García 0-0: Ball
1-0: Ball
2-0: Ball
3-0: Called Strike
3-1: Base on Balls
Batting: LHB Luis Aragón 0-0: Foul Ball, location: 2F
0-1: Ball
1-1: Called Strike
1-2: Strikes out swinging
Batting: RHB Dan Cross 0-0: Called Strike
0-1: SINGLE (Groundball, 15S) (infield hit)
Armando García to second
Batting: RHB Ed Nygaard 0-0: Ball
Throwing error on steal attempt, E2
Armando García scores
Dan Cross to third
1-0: Ball
2-0: Ground out 5-3 (Groundball, 5L)
Batting: RHB Robbie Barnes 0-0: Ball
1-0: Swinging Strike
1-1: Ball
2-1: Swinging Strike
2-2: Strikes out looking
Top of the 6th over - 1 run, 1 hit, 1 error, 1 left on base; Beaverton 3 - Pensacola 10
BOTTOM OF THE 6TH
Pensacola Pilots batting - Pitching for Beaverton Bronze Souls : LHP Lúcio López
Batting: RHB Alfonso Sánchez 0-0: Ball
1-0: Called Strike
1-1: Foul Ball, location: 2F
1-2: Foul Ball, location: 2F
1-2: Ball
2-2: Ball
3-2: Ground out 4-3 (Groundball, 4MD)
Batting: RHB John Hall 0-0: Foul Ball, location: 2F
0-1: Foul Ball, location: 2F
0-2: Strikes out swinging
Batting: RHB Tony Pulla 0-0: Called Strike
0-1: Called Strike
0-2: Ball
1-2: Foul Ball, location: 2F
1-2: Strikes out swinging
Bottom of the 6th over - 0 runs, 0 hits, 0 errors, 0 left on base; Beaverton 3 - Pensacola 10
TOP OF THE 7TH
Beaverton Bronze Souls batting - Pitching for Pensacola Pilots : LHP Paul Mallette
Batting: LHB Alonso Contreras 0-0: Called Strike
0-1: Ground out 4-3 (Groundball, 34)
Batting: RHB Pedro Rivera 0-0: Ball
1-0: Foul Ball, location: 2F
1-1: Ball
2-1: Ball
3-1: Swinging Strike
3-2: Fly out, F8 (Flyball, 8LD)
Batting: RHB Nathan Smith 0-0: Called Strike
0-1: Ball
1-1: Foul Ball, location: 2F
1-2: Ball
2-2: Strikes out swinging
Top of the 7th over - 0 runs, 0 hits, 0 errors, 0 left on base; Beaverton 3 - Pensacola 10
BOTTOM OF THE 7TH
Pensacola Pilots batting - Pitching for Beaverton Bronze Souls : LHP Lúcio López
Batting: RHB Carson Allen 0-0: Ball
1-0: SINGLE (Groundball, 5D)
Batting: SHB Carlos González 0-0: Ball
1-0: Ball
2-0: Ball
3-0: Called Strike
3-1: Called Strike
3-2: Strikes out swinging
Batting: LHB Freddy Torres 0-0: Called Strike
0-1: Ball
1-1: Ball
2-1: SINGLE (Line Drive, 6MD)
Carson Allen to second
Batting: LHB Ricardo García 0-0: Ball
1-0: SINGLE (Line Drive, 9S)
Carson Allen to third
Freddy Torres to second
Runner from 3rd tries for Home, SAFE, no throw
Batting: SHB Ron Winston 0-0: Ball
1-0: Swinging Strike
1-1: SINGLE (Groundball, 34D)
Freddy Torres to third
Ricardo García to second
Runner from 3rd tries for Home, SAFE, throw made home
Batting: LHB Joe Storms 0-0: SINGLE (Line Drive, 56D)
Ricardo García to third
Ron Winston to second
Batting: RHB Alfonso Sánchez 0-0: Foul Ball, location: 2F
0-1: Ground out 5-3 (Groundball, 5S)
Ricardo García scores
Ron Winston to third
Joe Storms to second
Batting: RHB John Hall 0-0: Ball
1-0: Ball
2-0: Ball
3-0: Called Strike
3-1: Base on Balls
Pitching: RHP Salvador Castro
Batting: RHB Tony Pulla 0-0: Called Strike
0-1: Ball
1-1: Ball
2-1: Ball
3-1: Foul Ball, location: 2F
3-2: SINGLE (Flyball, 7S)
Ron Winston scores
Joe Storms to third
John Hall to second
Joe Storms scores
John Hall to third
Batting: RHB Carson Allen 0-0: Ball
1-0: Ball
2-0: Ball
3-0: Base on Balls
Tony Pulla to second
Batting: SHB Carlos González 0-0: SINGLE (Groundball, 34D)
John Hall scores
Tony Pulla to third
Carson Allen to second
Runner from 3rd tries for Home, SAFE, no throw
Batting: LHB Freddy Torres 0-0: Ball
1-0: Called Strike
1-1: Foul Ball, location: 2F
1-2: Foul Ball, location: 2F
1-2: Ball
2-2: Foul Ball, location: 2F
2-2: Ball
3-2: Base on Balls
Carson Allen to third
Carlos González to second
Batting: LHB Ricardo García 0-0: Ball
1-0: Foul Ball, location: 2F
1-1: Called Strike
1-2: Ball
2-2: Fly out, F7 (Line Drive, 7D)
Bottom of the 7th over - 7 runs, 7 hits, 0 errors, 3 left on base; Beaverton 3 - Pensacola 17
TOP OF THE 8TH
Beaverton Bronze Souls batting - Pitching for Pensacola Pilots : LHP Paul Mallette
Now at C: Rodolphe Dettori
Batting: RHB Cameron Irwin 0-0: Foul Ball, location: 2F
0-1: DOUBLE (Flyball, 8RD)
Pitching: RHP Rubén Rocha
Batting: RHB Armando García 0-0: Ball
1-0: Called Strike
1-1: Foul Ball, location: 2F
1-2: Foul Ball, location: 2F
1-2: Ball
2-2: Ball
3-2: Base on Balls
Batting: LHB Luis Aragón 0-0: Called Strike
0-1: Ball
1-1: Ball
2-1: Fly out, F8 (Flyball, 8LM)
Batting: RHB Dan Cross 0-0: Ball
1-0: Foul Ball, location: 2F
1-1: Called Strike
1-2: Ball
2-2: Foul Ball, location: 2F
2-2: Strikes out looking
Batting: RHB Ed Nygaard 0-0: Foul Ball, location: 2F
0-1: Swinging Strike
0-2: Ball
1-2: Strikes out looking
Top of the 8th over - 0 runs, 1 hit, 0 errors, 2 left on base; Beaverton 3 - Pensacola 17
BOTTOM OF THE 8TH
Pensacola Pilots batting - Pitching for Beaverton Bronze Souls : RHP Salvador Castro
Batting: SHB Ron Winston 0-0: Called Strike
0-1: Ball
1-1: Ball
2-1: Ball
3-1: Foul Ball, location: 2F
3-2: Base on Balls
Batting: LHB Joe Storms 0-0: Foul Ball, location: 2F
0-1: Ball
1-1: Ball
2-1: Called Strike
2-2: Ball
3-2: Base on Balls
Ron Winston to second
Batting: RHB Alfonso Sánchez 0-0: Foul Ball, location: 2F
0-1: Ball
1-1: Ball
2-1: Ball
3-1: Swinging Strike
3-2: Fly out, F7 (Flyball, 78M)
Pitching: LHP Javier Soto
Batting: RHB John Hall 0-0: Grounds into double play, 6-4-3 (Groundball, 6)
Bottom of the 8th over - 0 runs, 0 hits, 0 errors, 1 left on base; Beaverton 3 - Pensacola 17
TOP OF THE 9TH
Beaverton Bronze Souls batting - Pitching for Pensacola Pilots : RHP Rubén Rocha
Pinch Hitting: RHB Marshall Gross 0-0: Ball
1-0: Ball
2-0: Ball
3-0: Called Strike
3-1: Fly out, F5 (Line Drive, 56)
Batting: LHB Alonso Contreras 0-0: Swinging Strike
0-1: Called Strike
0-2: Foul Ball, location: 2F
0-2: Ball
1-2: Ball
2-2: Ball
3-2: SOLO HOME RUN (Flyball, 7LD), Distance : 345 ft
Batting: RHB Pedro Rivera 0-0: Ball
1-0: Called Strike
1-1: Swinging Strike
1-2: SINGLE (Groundball, 6MD)
Batting: RHB Nathan Smith 0-0: SINGLE (Line Drive, 4D)
Pedro Rivera to second
Pinch Hitting: LHB Balduíno Bruschy 0-0: Foul Ball, location: 2F
0-1: Hit by Pitch
Pedro Rivera to third
Nathan Smith to second
Batting: RHB Armando García 0-0: Ball
1-0: Ball
2-0: Ball
3-0: Base on Balls
Pedro Rivera scores
Nathan Smith to third
Balduíno Bruschy to second
Batting: LHB Luis Aragón 0-0: Called Strike
0-1: Foul Ball, location: 2F
0-2: Strikes out swinging
Batting: RHB Dan Cross 0-0: Called Strike
0-1: Ground out 4-3 (Groundball, 34)
Top of the 9th over - 2 runs, 3 hits, 0 errors, 3 left on base; Beaverton 5 - Pensacola 17
Saturday, December 16th, 2017 - OOTP Baseball 18.8 Build 76